 Dungeon Crawl Stone Soup version 0.27.1-2-g3b301248ec (webtiles) character file.

Game seed: 13723372183739752445

3207 worthlessgem the Fighter (level 10, -1/84 HPs)
             Began as a Djinni Fire Elementalist on Sept 23, 2021.
             Was an Initiate of Gozag.
             Killed from afar by a steam dragon (4 damage)
             ... with a ball of steam
             ... on level 7 of the Dungeon.
             The game lasted 00:42:12 (9523 turns).

worthlessgem the Fighter (Djinni Fire Elementalist) Turns: 9523, Time: 00:42:13

Health: -1/84      AC:  2    Str:  9    XL:     10   Next: 17%
Gold:   274        EV: 12    Int: 18    God:    Gozag SH:  0 Dex: 14

rFire    + + .     SeeInvis .   b - +2 dagger (venom)
rCold    x . .     Faith    .   (no shield)
rNeg     + . .     Spirit   .   v - +0 robe
rPois    ∞         Reflect  .   (no helmet)
rElec    .         Harm     .   (no cloak)
rCorr    .         Rampage  .   (no gloves)
Will     +....                  (boots unavailable)
Stlth    ++........             (no amulet)
HPRegen  0.24/turn              k - ring of positive energy
MPRegen  0.00/turn              (no ring)

@: flying
A: sickness immunity, fire resistance 2, cold vulnerability 1, float, innate
caster, hp casting, extra vitality 1
a: Renounce Religion, Potion Petition, Call Merchant, Bribe Branch


You were on level 7 of the Dungeon.
You worshipped Gozag.
Gozag was aware of your devotion.
You visited 2 branches of the dungeon, and saw 9 of its levels.

You collected 658 gold pieces.
You spent 12 gold pieces at shops.
You paid 372 gold pieces to Gozag.

Inventory:

Hand Weapons
 a - a +3 short sword of draining
 b - a +2 dagger of venom (weapon)
 d - the +12 long sword "Moegyogoups" {speed, rF+ Str+4}
   (You took it off an orc priest on level 5 of the Dungeon)

   Attacks with this weapon are significantly faster.
   Str:       It affects your strength (+4).
   rF:        It protects you from fire.
 e - a +0 trident
Missiles
 c - 171 stones (quivered)
 f - 50 bolts
 p - 6 boomerangs
 B - 4 poisoned darts
Armour
 s - a +0 buckler
 v - a +0 robe (worn)
Jewellery
 k - a ring of positive energy (left hand)
 C - a ring of protection from fire
Scrolls
 g - 2 scrolls of identify
 h - 2 scrolls of enchant weapon {unknown}
 i - a scroll of fear {unknown}
 j - 3 scrolls of magic mapping {unknown}
 n - a scroll of teleportation {unknown}
 o - a scroll of holy word {unknown}
 q - 4 scrolls of amnesia {unknown}
 r - 2 scrolls of silence {unknown}
 u - a scroll of vulnerability {unknown}
 w - a scroll of noise {unknown}
 x - 2 scrolls of blinking {unknown}
 y - 3 scrolls of enchant armour {unknown}
 A - a scroll of torment {unknown}
Potions
 l - a potion of magic
 m - 2 potions of lignification
 t - 2 potions of curing


   Skills:
 + Level 11.8 Fighting
 - Level 2.1 Dodging
 - Level 1.5 Stealth
 - Level 5.4 Spellcasting


You couldn't memorise any spells.
You knew the following spells:

 Your Spells              Type           Power      Damage    Failure   Level
a - Foxfire               Conj/Fire      96%        2x1d8     1%          1
b - Conjure Flame         Conj/Fire      24%        6-21      4%          3
c - Inner Flame           Hex/Fire       24%        N/A       4%          3
d - Sticky Flame          Conj/Fire      24%        2d5       14%         4
e - Fireball              Conj/Fire      12%        3d7       36%         5
f - Pain                  Necr           96%        1d8       1%          1
g - Call Imp              Summ           24%        N/A       1%          2
h - Passwall              Tmut/Erth      20%        N/A       1%          2
i - Ice Form              Ice/Tmut       24%        N/A       14%         4
Your spell library was empty.

Dungeon Overview and Level Annotations

Branches:
Dungeon (8/15)             Temple (1/1) D:5
   Lair: D:8-11

Altars:
Ashenzari
Cheibriados
Dithmenos
Elyvilon
Fedhas
Gozag
Hepliaklqana
Kikubaaqudgha
Makhleb
Okawaru
Qazlal
Ru
Sif Muna
Trog
Uskayaw
Vehumet
Wu Jian
Xom
Yredelemnul
Zin

Shops:
D:4 !   D:7 :


Innate Abilities, Weirdness & Mutations

You are immune to sickness and miasma.
You are immune to poison.
Your flesh is very heat resistant. (rF++)
You are vulnerable to cold. (rC-)
You float through the air rather than walking.
You learn spells naturally, not from books.
Your magical power is your life essence.
You have superior vitality. (+4 HP)


Message History

The orc is no longer distracted by gold.
The steam dragon breathes steam at you. The ball of steam misses you.
Items here: $ )) = ? [[.
You feel a little less clever now.
Items here: ! " $ ( )))) =.
Things that are here:
6 gold pieces; a +0 short sword; 3 poisoned darts The steam dragon breathes steam at you.
The ball of steam misses you.
Things that are here:
8 gold pieces; a +0 short sword
Casting: Inner Flame (mildly dangerous; 4% risk of failure)
Confirm with . or Enter, or press ? or * to list all spells.
Aiming: Inner Flame (mildly dangerous; 4% risk of failure)
Press: ? - help, Shift-Dir - straight line, f - steam dragon
Aim: a steam dragon (catching its breath, chance to affect: 80%)
The steam dragon is filled with an inner flame.
* * * LOW HITPOINT WARNING * * *
You hit the steam dragon but do no damage.
The steam dragon is poisoned.
The steam dragon bites you.
* * * LOW HITPOINT WARNING * * *
The steam dragon claws you.
* * * LOW HITPOINT WARNING * * *
Unknown command.
You see here 4 gold pieces.
You hit the steam dragon but do no damage.
The steam dragon looks as sick as possible!
Flame seeps out of the steam dragon.
The steam dragon is engulfed in blazing flames.
Flame seeps out of the steam dragon.
The steam dragon bites you!
* * * LOW HITPOINT WARNING * * *
The steam dragon claws you but does no damage.
Flame seeps out of the steam dragon.
The steam dragon is engulfed in blazing flames.
Flame seeps out of the steam dragon.
The steam dragon breathes steam at you. The ball of steam hits you. You resist.
You die...
Your body crumbles into a pile of gold.

#################
#........$$ozD§.#
#.##.....$)####@#
##.##$#####.# #.#
.....$§Dz...# #.#
##.##$#####.# #.#
#.##.# #.# #.#
##.##.#####.####.#
................>#
##.#######..######
##.# #..#


You could see a steam dragon (inner flame, extremely poisoned, catching breath),
a wight and an orc.

Vanquished Creatures
  Harold (D:7)
  Prince Ribbit (D:7)
  A steam dragon (D:7)
  A black bear (D:5)
  An orc warrior (D:6)
  3 sky beasts
  A necrophage (D:4)
  An ogre (D:6)
  A centaur (D:7)
  A phantom (D:5)
  A kobold brigand (D:7)
  2 scorpions (D:5)
  A water moccasin skeleton (D:4)
  6 wights (D:7)
  2 howler monkeys
  A bullfrog skeleton (D:7)
  A hound (D:6)
  4 jellies
  6 orc priests
  4 orc wizards
  A hound skeleton (D:3)
  A howler monkey zombie (D:7)
  7 gnolls
  A howler monkey skeleton (D:6)
  6 adders
  An adder skeleton (D:5)
  An adder zombie (D:5)
  A worm (D:2)
  2 dart slugs
  16 orcs
  5 endoplasms
  5 giant cockroaches
  2 goblins (D:1)
  5 hobgoblins
  3 iguanas
  14 kobolds
  5 quokkas
  3 ball pythons
  A bat (D:2)
  3 frilled lizards (D:1)
  6 rats
129 creatures vanquished.

Vanquished Creatures (collateral kills)
  A wight (D:7)
  A bullfrog zombie (D:6)
  A hound (D:5)
  An orc (D:6)
4 creatures vanquished.

Vanquished Creatures (others)
  344 foxfires
  3 fungi
  13 plants (D:1)
  A withered plant (D:1)
361 creatures vanquished.

Grand Total: 494 creatures vanquished

Notes
Turn   | Place    | Note
-------+----------+-------------------------------------------
     0 | D:1      | worthlessgem the Djinni Fire Elementalist began the quest
                  | for the Orb.
     0 | D:1      | Reached XP level 1. HP: 15/15 MP: 0/0
   417 | D:1      | Reached skill level 1 in Fighting
   417 | D:1      | Reached XP level 2. HP: 17/22 MP: 0/0
  1034 | D:1      | Reached XP level 3. HP: 25/27 MP: 0/0
  1034 | D:1      | Learned a level 1 spell: Pain
  1296 | D:1      | Found a faded altar of an unknown god.
  2234 | D:2      | Reached skill level 2 in Fighting
  2826 | D:3      | Reached XP level 4. HP: 32/33 MP: 0/0
  3068 | D:3      | Found a white marble altar of Elyvilon.
  3077 | D:3      | Became a worshipper of Elyvilon the Healer
  3342 | D:3      | Reached XP level 5. HP: 37/40 MP: 0/0
  3342 | D:3      | Learned a level 2 spell: Call Imp
  3352 | D:3      | Found a shimmering altar of Xom.
  3364 | D:3      | Reached skill level 3 in Fighting
  3731 | D:3      | Found a bloodstained altar of Trog.
  3824 | D:4      | Noticed a necrophage
  3879 | D:4      | Reached * piety under Elyvilon
  3914 | D:4      | Killed a necrophage
  3915 | D:4      | Reached XP level 6. HP: 37/47 MP: 0/0
  4194 | D:4      | Reached skill level 4 in Fighting
  4677 | D:4      | Reached XP level 7. HP: 49/53 MP: 0/0
  4677 | D:4      | Learned a level 2 spell: Passwall
  4838 | D:4      | Found Lotunk's Distillery.
  4843 | D:4      | Bought a potion of degeneration for 12 gold pieces
  5113 | D:5      | Entered Level 5 of the Dungeon
  5151 | D:5      | Found a staircase to the Ecumenical Temple.
  5159 | Temple   | Entered the Ecumenical Temple
  5374 | Temple   | Fell from the grace of Elyvilon
  5374 | Temple   | Became a worshipper of Gozag Ym Sagoz the Greedy
  5797 | D:5      | Reached skill level 5 in Fighting
  6117 | D:5      | Reached skill level 5 in Spellcasting
  6297 | D:5      | Identified the +12 long sword "Moegyogoups" {speed, rF+
                  | Str+4}
  6309 | D:5      | Reached XP level 8. HP: 51/61 MP: 0/0
  6366 | D:5      | Reached skill level 6 in Fighting
  6649 | D:5      | Found a broken altar of Ashenzari.
  7365 | D:6      | You are sucked into a shaft and drop 1 floor!
  7365 | D:7      | Found Cycs's Book Shoppe.
  7389 | D:6      | You are sucked into a shaft and drop 1 floor!
  7458 | D:6      | Reached skill level 7 in Fighting
  7596 | D:6      | Reached skill level 8 in Fighting
  7698 | D:6      | Reached XP level 9. HP: 49/70 MP: 0/0
  7698 | D:6      | Learned a level 4 spell: Ice Form
  8119 | D:6      | Identified the +4 war axe of Imiyggen {flame, rPois rN+}
  8357 | D:7      | Reached skill level 9 in Fighting
  8764 | D:7      | Noticed Prince Ribbit
  8883 | D:7      | Killed Prince Ribbit
  8883 | D:7      | HP: 2/74 [spore (10)]
  8884 | D:7      | Reached skill level 10 in Fighting
  9377 | D:7      | Noticed Harold
  9387 | D:7      | Killed Harold
  9388 | D:7      | Reached skill level 11 in Fighting
  9388 | D:7      | Reached XP level 10. HP: 11/83 MP: 0/0
  9522 | D:7      | HP: 2/84 [steam dragon (7)]
  9523 | D:7      | Killed from afar by a steam dragon

Illustrated notes

Levels and vault maps discovered:
D:1:      pf_arrival_petrified_forest, layout_loops_ring,
          shapermc_ecumenical_altar_gd, serial_bayou_lagoon_b
D:2:      layout_loops_corners, basic_altar, due_unseen_surprise
D:3:      layout_loops_cross, dk_xom_monty_hall, mainiacjoe_overflow_alcove_2,
          bloody_trog
D:4:      layout_loops_ring, serial_shops, shop, kennysheep_generic_room_4
D:5:      layout_loops_ring, ashenzari_conservatory_becter, temple_green,
          kennysheep_dice
D:6:      layout_cave_pools
D:7:      layout_basic, serial_shops, nicolae_shop_waterfront,
          uniq_crazy_yiuf_cottage, uniq_harold, uniq_prince_ribbit1
D:8:      layout_loops_ring, jmf_multi_god_temple2, erik_lair_orcish_takeover
Temple:   eino_temple_scatter_basement

Skill      XL: |  1  2  3  4  5  6  7  8  9 |
---------------+----------------------------+-----
Fighting       | 1 2 3 4 5 8 11 | 11.8
Spellcasting   | 3 4 5 |  5.4
Dodging        | |  2.1
Stealth        | |  1.5

Action                   |  1- 3 |  4- 6 |  7- 9 | 10-12 || total
-------------------------+-------+-------+-------+-------++-------
Melee: Short sword       |     8 |       |    46 |       ||    54
       Dagger            |     4 |    32 |     6 |    13 ||    55
       War axe           |       |     3 |       |       ||     3
       Trident           |       |    13 |       |       ||    13
       Long sword        |       |       |    34 |       ||    34
Throw: Stone             |     1 |     1 |     4 |     3 ||     9
 Cast: Foxfire           |    69 |    50 |    82 |     1 ||   202
       Conjure Flame     |       |     3 |     3 |       ||     6
       Inner Flame       |       |     1 |    25 |     4 ||    30
       Call Imp          |       |       |    11 |       ||    11
       Sticky Flame      |       |       |     4 |       ||     4
Invok: Potion Petition   |       |       |       |     1 ||     1
  Use: Scroll            |       |       |       |     3 ||     3
       Potion            |       |       |       |     2 ||     2
 Stab: Sleeping          |       |     5 |     1 |       ||     6
Armor: Robe              |     5 |     8 |    15 |     1 ||    29
Dodge: Dodged            |     6 |    31 |    47 |     6 ||    90
       Rpst.: Long sword |       |       |     1 |       ||     1
